 Dungeon Crawl Stone Soup version 0.29-a0-330-g52719c12eb (webtiles) character file.

Game seed: 17009494314509042754

187 dricus the Fighter (level 5, -2/51 HPs)
             Began as a Gnoll Wanderer on Apr 21, 2022.
             Slain by a killer bee (3 damage)
             ... on level 3 of the Dungeon.
             The game lasted 00:03:53 (2953 turns).

dricus the Fighter (Gnoll Wanderer)                 Turns: 2953, Time: 00:03:54

Health: -2/51      AC: 11    Str: 18    XL:     5   Next: 66%
Magic:  7/7        EV:  8    Int:  7    God:
Gold:   153        SH:  0    Dex: 11    Spells: 7/7 levels left

rFire   . . .      SeeInvis .   a - +3 short sword
rCold   . . .      Faith    .   (no shield)
rNeg    . . .      Spirit   .   m - +0 chain mail
rPois   .          Reflect  .   h - +1 hat
rElec   .          Harm     .   (no cloak)
rCorr   .          Rampage  .   (no gloves)
Will    .....                   (no boots)
Stlth   ..........              (no amulet)
HPRegen 0.17/turn               (no ring)
MPRegen 0.10/turn               (no ring)

@: lethally poisoned (-2 -> -5)
A: fangs 1, strong nose, distributed training
a: no special abilities


You were on level 3 of the Dungeon.
You visited 1 branch of the dungeon, and saw 4 of its levels.

You collected 153 gold pieces.

Inventory:

Hand Weapons
 a - a +3 short sword (weapon)
Missiles
 e - 6 poisoned darts (quivered)
Armour
 h - a +1 hat (worn)
 m - a +0 chain mail (worn)
Jewellery
 i - an amulet of regeneration
Scrolls
 c - 2 scrolls of teleportation
 f - 3 scrolls of identify {unknown}
 g - a scroll of torment {unknown}
 j - 2 scrolls of blinking {unknown}
 k - a scroll of enchant armour {unknown}
Potions
 d - a potion of attraction
 l - a potion of magic {unknown}


   Skills:
 + Level 8.6 Fighting
 + Level 4.8 Short Blades
 + Level 1.6 Long Blades
 + Level 1.6 Axes
 + Level 1.6 Maces & Flails
 + Level 1.6 Polearms
 + Level 1.6 Staves
 + Level 1.6 Slings
 + Level 1.6 Bows
 + Level 1.6 Crossbows
 + Level 1.6 Throwing
 + Level 6.7 Armour
 + Level 1.6 Dodging
 + Level 2.8 Stealth
 + Level 1.6 Shields
 + Level 1.6 Unarmed Combat
 + Level 1.6 Spellcasting
 + Level 1.2 Conjurations
 + Level 1.2 Hexes
 + Level 1.2 Summonings
 + Level 1.2 Necromancy
 + Level 1.2 Translocations
 + Level 1.2 Transmutations
 + Level 1.2 Fire Magic
 + Level 1.2 Ice Magic
 + Level 1.2 Air Magic
 + Level 1.2 Earth Magic
 + Level 1.2 Poison Magic
 + Level 1.8 Invocations
 + Level 1.6 Evocations


You had 7 spell levels left.
You didn't know any spells.
Your spell library contained the following spells:

 Spells                   Type           Power      Damage    Failure   Level
 Ignite Poison            Fire/Tmut/Pois 2%         N/A       100%        3
 Mephitic Cloud           Conj/Pois/Air  2%         N/A       100%        3
 Freezing Cloud           Conj/Ice/Air   1%         6-21      100%        5


Dungeon Overview and Level Annotations

Branches:
Dungeon (4/15)
 Temple: D:4-7

Altars:


Innate Abilities, Weirdness & Mutations

You have very sharp teeth.
Your uncanny sense of smell can sniff out nearby items.
Your experience applies equally to all skills.


Message History

* * * LOW HITPOINT WARNING * * *
You feel very sick.
There is a stone staircase leading down, spattered with blood here.
You completely miss the killer bee. Your bite misses the killer bee.
The killer bee is moderately wounded.
* * * LOW HITPOINT WARNING * * *
You feel very sick. The killer bee closely misses you.
The killer bee stings you but does no damage.
Unknown command.
You barely miss the killer bee.
The killer bee is moderately wounded.
* * * LOW HITPOINT WARNING * * *
You feel sick.
The killer bee stings you but does no damage. x2
Unknown command.
You puncture the killer bee!
The killer bee is severely wounded.
* * * LOW HITPOINT WARNING * * *
You feel sick.
The killer bee stings you but does no damage. x2
Unknown command.
Unknown command.
You miss the killer bee.
The killer bee is severely wounded.
* * * LOW HITPOINT WARNING * * *
You feel sick. The killer bee closely misses you.
Unknown command.
You closely miss the killer bee.
The killer bee is severely wounded.
* * * LOW HITPOINT WARNING * * *
You feel sick.
The killer bee stings you but does no damage.
The killer bee barely misses you.
Unknown command.
You barely miss the killer bee.
The killer bee is severely wounded.
The killer bee stings you but does no damage.
The killer bee stings you.
You die...

#....#....).#
#....#......##
#....#.......#
#....##+####.##
##....#.# #.[#
#....#'## ##.#
#.......####.##
#...........y.###
#....<.......@..#
#....##.....###.#
#######..)..#...#
#######.### #...#
###†# #.# #.# #.#


You could see a killer bee.

Vanquished Creatures
  A killer bee (D:3)
  An orc priest (D:2)
  Natasha (twice) (D:2)
  3 worms
  3 dart slugs (D:1)
  4 orcs
  6 bats
  7 endoplasms
  2 giant cockroaches
  4 goblins
  2 hobgoblins
  2 kobolds
  A quokka (D:1)
  6 ball pythons
  3 frilled lizards
  2 rats
49 creatures vanquished.

Vanquished Creatures (others)
  A plant (D:3)
1 creature vanquished.

Grand Total: 50 creatures vanquished

Notes
Turn   | Place    | Note
-------+----------+-------------------------------------------
     0 | D:1      | dricus the Gnoll Wanderer began the quest for the Orb.
     0 | D:1      | dricus set off with the following items: a +3 short sword,
                  | a +0 ring mail, a scroll of teleportation
     0 | D:1      | Reached XP level 1. HP: 26/26 MP: 1/1
   163 | D:1      | Reached XP level 2. HP: 33/33 MP: 2/2
   964 | D:2      | Noticed Natasha
   967 | D:2      | Reached XP level 3. HP: 38/38 MP: 3/3
   971 | D:2      | Killed Natasha
   972 | D:2      | Reached skill level 1 in Invocations
  1055 | D:2      | Reached skill level 1 in Long Blades
  1055 | D:2      | Reached skill level 1 in Axes
  1055 | D:2      | Reached skill level 1 in Maces & Flails
  1055 | D:2      | Reached skill level 1 in Polearms
  1055 | D:2      | Reached skill level 1 in Staves
  1055 | D:2      | Reached skill level 1 in Slings
  1055 | D:2      | Reached skill level 1 in Bows
  1055 | D:2      | Reached skill level 1 in Crossbows
  1055 | D:2      | Reached skill level 1 in Throwing
  1055 | D:2      | Reached skill level 1 in Dodging
  1055 | D:2      | Reached skill level 1 in Shields
  1055 | D:2      | Reached skill level 1 in Unarmed Combat
  1055 | D:2      | Reached skill level 1 in Spellcasting
  1055 | D:2      | Reached skill level 1 in Evocations
  1169 | D:2      | Reached XP level 4. HP: 24/45 MP: 5/5
  1496 | D:2      | Noticed Natasha
  1509 | D:2      | Killed Natasha
  1661 | D:2      | Reached skill level 1 in Conjurations
  1661 | D:2      | Reached skill level 1 in Hexes
  1661 | D:2      | Reached skill level 1 in Summonings
  1661 | D:2      | Reached skill level 1 in Necromancy
  1661 | D:2      | Reached skill level 1 in Translocations
  1661 | D:2      | Reached skill level 1 in Transmutations
  1661 | D:2      | Reached skill level 1 in Fire Magic
  1661 | D:2      | Reached skill level 1 in Ice Magic
  1661 | D:2      | Reached skill level 1 in Air Magic
  1661 | D:2      | Reached skill level 1 in Earth Magic
  1661 | D:2      | Reached skill level 1 in Poison Magic
  1704 | D:2      | Found a faded altar of an unknown god.
  2197 | D:2      | Reached XP level 5. HP: 44/51 MP: 5/7
  2951 | D:3      | HP: 2/51 [poisoned by a killer bee]
  2953 | D:3      | Slain by a killer bee

Illustrated notes

Levels and vault maps discovered:
D:1:      dpeg_arrival_stonehenge_12_columns, layout_basic
D:2:      layout_basic, hellmonk_ecumenical_altar_inner_sanctum, uniq_natasha
D:3:      layout_basic, serial_bayou_pond_b
D:4:      layout_basic, serial_glass, glass_columns_a, glass_columns_b,
          glass_columns_a, glass_columns_b

Skill      XL: |  1  2  3  4 |
---------------+-------------+-----
Invocations    | 1 |  1.8
Long Blades    | 1 |  1.6
Axes           | 1 |  1.6
Maces & Flails | 1 |  1.6
Polearms       | 1 |  1.6
Staves         | 1 |  1.6
Slings         | 1 |  1.6
Bows           | 1 |  1.6
Crossbows      | 1 |  1.6
Throwing       | 1 |  1.6
Dodging        | 1 |  1.6
Shields        | 1 |  1.6
Unarmed Combat | 1 |  1.6
Spellcasting   | 1 |  1.6
Evocations     | 1 |  1.6
Conjurations   | 1 |  1.2
Hexes          | 1 |  1.2
Summonings     | 1 |  1.2
Necromancy     | 1 |  1.2
Translocations | 1 |  1.2
Transmutations | 1 |  1.2
Fire Magic     | 1 |  1.2
Ice Magic      | 1 |  1.2
Air Magic      | 1 |  1.2
Earth Magic    | 1 |  1.2
Poison Magic   | 1 |  1.2
Fighting       | |  8.6
Short Blades   | |  4.8
Armour         | |  6.7
Stealth        | |  2.8

Action                   |  1- 3 |  4- 6 || total
-------------------------+-------+-------++-------
Melee: Short sword       |    57 |    98 ||   155
       Bite              |     5 |     9 ||    14
       Punch             |       |     2 ||     2
  Use: Potion            |       |     2 ||     2
 Stab: Sleeping          |     1 |       ||     1
Armor: Ring mail         |    17 |    35 ||    52
       Chain mail        |       |    18 ||    18
Dodge: Dodged            |    16 |    62 ||    78

Table legend: (Time is in decaauts)
 A = Elapsed time spent in this place.
 B = Non-inter-level travel time spent in this place.
 C = Inter-level travel time spent in this place.
 D = Time resting spent in this place.
 E = Time spent auto-exploring this place.
 F = Levels seen in this place.
 G = Mean time per level.
                   A        B        C        D        E       F      G
               +--------+--------+--------+--------+--------+-----+--------+
         Total |   2948 |   2711 |    237 |    361 |   1931 |   4 |  737.0 |
       Dungeon |   2948 |   2711 |    237 |    361 |   1931 |   4 |  737.0 |
               +--------+--------+--------+--------+--------+-----+--------+

Top non-repeatable levels by time:
     D:2: 1396 daAuts
     D:1: 873 daAuts
     D:3: 664 daAuts
     D:4: 14 daAuts
